 Dungeon Crawl Stone Soup version 0.26-a0-259-g1effd001a9 (webtiles) character file.

Game seed: 10972298927340703391

412 Apogee the Grave Robber (level 6, -1/32 HPs)
             Began as a Deep Elf Necromancer on July 27, 2020.
             Slain by an orc priest
             ... wielding a +0 hand axe
              (2 damage)
             ... on level 4 of the Dungeon.
             The game lasted 00:06:40 (4222 turns).

Apogee the Grave Robber (Deep Elf Necromancer)      Turns: 4222, Time: 00:06:40

Health: -1/32      AC:  7    Str:  9    XL:     6   Next: 59%
Magic:  18/18      EV: 13    Int: 21    God:
Gold:   170        SH:  0    Dex: 15    Spells: 9/19 levels left

rFire    x . .     SeeInvis +   y - +5 mace of the Moon {flame, Str+3}
rCold    + . .     Faith    .   (no shield)
rNeg     . . .     Spirit   .   x - +2 robe of Meager Salvation {rElec SInv}
rPois    .         Reflect  .   t - +1 helmet
rElec    +         Harm     .   (no cloak)
rCorr    .                      (no gloves)
MR       .....                  j - +0 pair of boots
Stlth    ++........             (no amulet)
HPRegen  0.10/turn              p - ring of ice
MPRegen  0.16/turn              (no ring)

@: no status effects
A: no striking features
a: no special abilities


You were on level 4 of the Dungeon.
You were not hungry.

You visited 1 branch of the dungeon, and saw 4 of its levels.

You collected 170 gold pieces.

Inventory:

Hand Weapons
 c - a +0 whip of electrocution
   (You found it on level 1 of the Dungeon)
 w - a +2 dagger of venom
   (You took it off a big kobold on level 3 of the Dungeon)
 y - the +5 mace of the Moon (weapon) {flame, Str+3}
   (You found it on level 4 of the Dungeon)

   It has been specially enchanted to burn those struck by it, causing extra
   injury to most foes and up to half again as much damage against particularly
   susceptible opponents.
   It affects your strength (+3).
Armour
 a - a +0 robe
 j - a +0 pair of boots (worn)
   (You found it on level 1 of the Dungeon)
 t - a +1 helmet (worn)
   (You found it on level 2 of the Dungeon)
 x - the +2 robe of Meager Salvation (worn) {rElec SInv}
   (You took it off a big kobold on level 3 of the Dungeon)

   It insulates you from electricity.
   It lets you see invisible.
Jewellery
 p - a ring of ice (left hand)
   (You found it on level 2 of the Dungeon)
 u - an uncursed amulet of faith {!P}
   (You found it on level 2 of the Dungeon)
Scrolls
 d - 2 scrolls of identify {@r1}
 f - a scroll of magic mapping {unknown}
 i - 2 scrolls of enchant armour {unknown}
 m - 2 scrolls of enchant weapon {unknown}
 n - 2 scrolls of random uselessness {unknown}
 v - 3 scrolls of remove curse {unknown}
Potions
 b - 2 potions of curing {@q1}
 g - a potion of invisibility {unknown}
 h - a potion of berserk rage {unknown}
 k - a potion of haste {unknown}
 l - 2 potions of flight {unknown}
 o - 2 potions of lignification {unknown}
 q - a potion of heal wounds {unknown}
 r - a potion of mutation {unknown}
 s - a potion of might {unknown}
 z - a potion of stabbing {unknown}
 A - a potion of resistance {unknown}
Comestibles
 e - 11 rations {!d}


   Skills:
 - Level 2.4 Dodging
 - Level 2.4 Stealth
 + Level 7.0 Spellcasting
 + Level 7.6 Necromancy


You had 9 spell levels left.
You knew the following spells:

 Your Spells              Type           Power        Failure   Level
a - Pain                  Necr           ####         1%          1
b - Agony                 Necr           #####...     11%         5
u - Animate Dead          Necr           #####.....   3%          4

Your spell library contained the following spells:

 Spells                   Type           Power        Failure   Level
 Animate Skeleton         Necr           #####.       1%          1
 Vampiric Draining        Necr           #####.....   1%          3


Dungeon Overview and Level Annotations

Branches:
Dungeon (4/15)
 Temple: D:4-7

Altars:
Gozag
Ru

Annotations:
D:4 2 transporters


Message History

There is an open door here.
You open the door.
There is an open door here.
Found a wand of flame (13).
An orc comes into view. It is wielding a +0 mace.
Found a spear.
An orc is nearby!
An orc is nearby!
Found 10 gold pieces.
Aim: an orc, wielding a +0 mace (asleep, chance to defeat MR: 93%)
The orc shouts!
The orc writhes in agony.
You hear a shout! x2
An orc comes into view. It is wielding a +0 club.
Aim: an orc, wielding a +0 mace (moderately wounded, chance to defeat MR: 93%)
The orc writhes in agony.
An orc priest comes into view. It is wielding a +0 hand axe.
You thump the orc! You burn the orc.
You kill the orc!
The orc priest invokes the aid of Beogh against you.
Beogh smites you!
* * * LOW HITPOINT WARNING * * *
You don't know that spell.
You can't see any susceptible monsters within range! (Use Z to cast anyway.)
The orc priest looks braver for a moment.
There is an open door here.
You swing at nothing.
You closely miss the orc. The orc hits you but does no damage.
The orc closely misses you.
You completely miss the orc. The orc hits you but does no damage.
You sock the orc! You burn the orc.
You kill the orc!
The orc priest looks encouraged for a moment.
You swing at nothing.
You swing at nothing.
The orc priest invokes the aid of Beogh against you.
Pain shoots through your body!
* * * LOW HITPOINT WARNING * * *
The orc priest invokes the aid of Beogh against you.
Beogh smites you!
* * * LOW HITPOINT WARNING * * *
The orc priest barely misses you.
You see here a +0 club.
You hit the orc priest. You burn the orc priest.
The orc priest closely misses you.
You closely miss the orc priest.
The orc priest begins to cast a cantrip, but forgets the words!
You closely miss the orc priest.
The orc priest hits you with a +0 hand axe.
You die...

.....# #.....# .....# #.....#
.)...# #.....# .....# #.....#
.....####### #.....#
...........###############.....#
##########.....#....#..........#
≈≈≈≈≈;#P8#.....o....#..........#
≈≈≈P..#..#.....#@...'..........#
P≈♣;..+/©#©....#....#..........#
≈≈≈≈..#..#.....#....#..........#
;≈≈≈≈≈#P8#.....#....#.......##.##
##########.....##...#......##...#
........######...########.....
#..............#....#......
#.........<....#........_..
#..............#....#......


You could see an orc priest.

Vanquished Creatures
  A necrophage (D:4)
  A big kobold (D:3)
  An orc wizard (D:4)
  3 worker ants
  3 gnolls (D:3)
  4 adders
  An adder skeleton (D:4)
  2 worms (D:2)
  2 dart slugs (D:1)
  3 leopard geckos
  9 orcs
  10 bats
  2 giant cockroaches (D:1)
  5 goblins
  10 hobgoblins
  2 ball pythons (D:3)
  3 frilled lizards (D:1)
  12 kobolds
  9 rats
83 creatures vanquished.

Notes
Turn   | Place    | Note
-------+----------+-------------------------------------------
     0 | D:1      | Apogee the Deep Elf Necromancer began the quest for the
                  | Orb.
     0 | D:1      | Reached XP level 1. HP: 10/10 MP: 6/6
   105 | D:1      | Reached skill level 5 in Necromancy
   275 | D:1      | Reached XP level 2. HP: 9/15 MP: 1/8
  1234 | D:1      | Reached XP level 3. HP: 8/19 MP: 6/10
  2062 | D:2      | Reached XP level 4. HP: 24/24 MP: 10/12
  2316 | D:2      | Reached skill level 5 in Spellcasting
  2487 | D:2      | Found a sacrificial altar of Ru.
  2627 | D:3      | Learned a level 4 spell: Animate Dead
  2757 | D:3      | Reached XP level 5. HP: 5/28 MP: 0/14
  3227 | D:3      | Identified the +2 robe of Meager Salvation {rElec SInv}
  3693 | D:4      | Found an opulent altar of Gozag.
  3723 | D:4      | Learned a level 5 spell: Agony
  3778 | D:4      | Got an encrusted mace
  3779 | D:4      | Identified the +5 mace of the Moon {flame, Str+3} (You
                  | found it on level 4 of the Dungeon)
  3798 | D:4      | Noticed a necrophage
  3802 | D:4      | Reached XP level 6. HP: 26/32 MP: 11/17
  4180 | D:4      | Found a transporter.
  4193 | D:4      | Found a transporter.
  4218 | D:4      | HP: 1/32 [orc priest/divine providence (11)]
  4222 | D:4      | Slain by an orc priest

Illustrated notes

Levels and vault maps discovered:
D:1:      lightli_arrival_flooded_house, layout_loops_ring,
          hangedman_decor_riveting
D:2:      layout_basic, first_ration, nicolae_ru_awakened_eye
D:3:      cheibrodos_thug_alley, layout_loops_cross, minmay_misc_feat_cross
D:4:      gammafunk_steamed_eel, layout_gridville, lemuel_round_altar,
          chequers_serial_rivers_small_b

Skill      XL: |  1  2  3  4  5  6 |
---------------+-------------------+-----
Necromancy     | 5 6 7 |  7.6
Spellcasting   | 4 5 6 7 |  7.0
Dodging        | |  2.4
Stealth        | |  2.4

Action                   |  1- 3 |  4- 6 || total
-------------------------+-------+-------++-------
Melee: Whip              |    17 |       ||    17
       Mace              |       |    20 ||    20
 Cast: Pain              |    48 |    80 ||   128
       Animate Dead      |       |     1 ||     1
  Use: Scroll            |       |     1 ||     1
       Potion            |       |     1 ||     1
 Stab: Sleeping          |     2 |       ||     2
  Eat: Ration            |     1 |     2 ||     3
Armor: Robe              |     5 |    12 ||    17
Dodge: Dodged            |    23 |    20 ||    43

Table legend:
 A = Non-vault XP
 B = Vault XP
 C = Vault XP percentage of total XP
 D = Non-vault monster count
 E = Vault monster count
 F = Vault count percentage of total count
                 A         B        C        D         E       F
            +---------+---------+-------+---------+---------+-------
      Total |     475 |     114 |  19.4 |      73 |      10 |  12.0
            +---------+---------+-------+---------+---------+-------
        D:1 |      46 |       0 |   0.0 |      26 |       0 |   0.0
        D:2 |      94 |       0 |   0.0 |      20 |       0 |   0.0
        D:3 |      76 |     114 |  60.0 |      16 |      10 |  38.5
        D:4 |     259 |       0 |   0.0 |      11 |       0 |   0.0
            +---------+---------+-------+---------+---------+-------
